AoeStats
← dobled2daoe

Arabia

508087922Analyzed
4v4 RM · 11d ago on Sep 20, 2026· 17m 58s· 8 players
Game mode
Random Map
Map size
Large (8 player)
Population
200
Speed
Normal
Resources
Standard
Victory
Conquest
Starting age
Dark Age
Ending age
Imperial Age
RankedLock teamsTeams togetherTeam positionsShared explorationLock speedFull tech treeHidden civsTurbo modeCheats
Victory
Defeat
🇨🇴 Vietnamese · Colombia
1295
+14
🇪🇸 Wei · Spain
1290
+15
🇩🇪 Cumans · Germany
1285
+15
🇨🇦 Huns · Canada
1274
+15
🇲🇽 Maya · Mexico
1290
-16
🇵🇪 Magyars · Peru
1278
-15
🇬🇧 Lithuanians · United Kingdom
1241
-14
🇸🇰 Teutons · Slovakia
1235
-14
Coach_E
1:32 Loom
13:02 Feudal Age
14:41 Fletching
Never_Enough
10:54 Feudal Age
9:49 Loom
13:17 Horse Collar
16:01 Castle Age
15:50 Double-Bit Axe
18:36 Husbandry
dobled2daoe
7:47 Loom
10:02 Feudal Age
10:56 Man-at-Arms
13:57 Wheelbarrow
17:04 Double-Bit Axe
Kajook
Ringo
0:30 Loom
15:07 Feudal Age
16:21 Double-Bit Axe
rayquaza
AK47 WildHunter
M@nquito 2.0
Connection lost

Rejoining the realm…

Still unreachable

The connection could not be restored.

Session expired

The server has moved on; the page needs a fresh start.